AoeStats
← Chigüiro

Arabia

509773920Analyzed
4v4 RM · 4d ago on Sep 28, 2026· 30m 16s· 8 players
Game mode
Random Map
Map size
Large (8 player)
Population
200
Speed
Normal
Resources
Standard
Victory
Conquest
Starting age
Dark Age
Ending age
Imperial Age
RankedLock teamsTeams togetherTeam positionsShared explorationLock speedFull tech treeHidden civsTurbo modeCheats
Victory
Defeat
🇲🇽 Ethiopians · Mexico
1625
+12
🇺🇸 Varangians · United States
1522
+17
🇺🇸 Britons · United States
1517
+17
🇦🇷 Persians · Argentina
1472
+19
🇺🇸 Varangians · United States
1576
-18
🇨🇴 Saracens · Colombia
1554
-17
🇺🇸 Saxons · United States
1527
-16
🇺🇸 Wei · United States
1488
-14
BucketsTTP
5:39 Loom
8:03 Feudal Age
8:30 Double-Bit Axe
13:47 Bloodlines
14:50 Scale Barding Armor
22:03 Castle Age
20:00 Horse Collar
21:06 Forging
22:21 Gold Mining
22:53 Bow Saw
23:20 Iron Casting
22:07 Light Cavalry
23:13 Chain Barding Armor
23:22 Husbandry
24:52 Iron Casting
25:07 Wheelbarrow
2rich4u81
6:43 Loom
9:01 Feudal Age
9:27 Double-Bit Axe
15:09 Fletching
23:07 Castle Age
23:28 Gold Mining
23:24 Crossbowman
24:18 Bow Saw
25:01 Bodkin Arrow
27:30 Padded Archer Armor
28:51 Ballistics
HRA | TheRevMiracle
5:51 Loom
9:30 Feudal Age
9:57 Double-Bit Axe
16:16 Scale Barding Armor
16:40 Horse Collar
18:51 Forging
19:47 Bloodlines
28:31 Castle Age
26:52 Gold Mining
Chigüiro
6:15 Loom
9:18 Feudal Age
15:06 Fletching
15:37 Town Watch
18:36 Double-Bit Axe
22:24 Padded Archer Armor
30:29 Castle Age
not sure
5:45 Loom
8:51 Feudal Age
9:38 Double-Bit Axe
10:00 Horse Collar
15:13 Bloodlines
17:20 Scale Barding Armor
18:22 Forging
24:27 Castle Age
24:57 Wheelbarrow
24:29 Light Cavalry
25:10 Husbandry
26:02 Gold Mining
26:29 Bow Saw
[um] The Inland taipan
6:41 Loom
8:51 Feudal Age
13:06 Fletching
20:46 Wheelbarrow
23:35 Castle Age
23:29 Padded Archer Armor
23:16 Double-Bit Axe
23:13 Horse Collar
23:24 Gold Mining
23:37 Man-at-Arms
24:14 Bodkin Arrow
23:41 Crossbowman
25:15 Leather Archer Armor
27:12 Ballistics
[SotC] Spirit
0:43 Loom
4:50 Loom
8:19 Feudal Age
11:16 Fletching
16:44 Double-Bit Axe
23:10 Castle Age
21:22 Horse Collar
21:55 Padded Archer Armor
22:20 Gold Mining
23:12 Crossbowman
23:48 Bodkin Arrow
24:18 Bow Saw
25:24 Ballistics
25:14 Town Watch
27:21 Thumb Ring
29:27 Wheelbarrow
Destruidora de Sueño
4:27 Loom
9:40 Feudal Age
17:03 Bloodlines
18:52 Scale Barding Armor
19:28 Double-Bit Axe
21:43 Forging
27:01 Castle Age
25:21 Gold Mining
28:04 Chain Barding Armor
28:45 Husbandry
Connection lost

Rejoining the realm…

Still unreachable

The connection could not be restored.

Session expired

The server has moved on; the page needs a fresh start.